Map: Ever Dream LE

Players

Vindicta - Winner!

  • Race: Terran Terran
  • League: Master
  • Spawn Location: 7:00

Nina

  • Race: Protoss Protoss
  • League: Grandmaster
  • Spawn Location: 1:00

Event: DreamHack SC2 Masters 2020 Summer North America

VOD

Have the link to the VOD?

Description

Time

  • Played on: July 2, 2020, 5:20 p.m.
  • Length: 13:03

All games in this series

Show
View Real Time Build Order
Export as new Build Order

Vindicta Terran - Winner!

Build Orders:  

Get SALT Encoding   

  12  0:01  SCV  
  13  0:13  SCV  
  14  0:17  Supply Depot  
  14  0:25  SCV  
  15  0:38  SCV  
  15  0:40  Barracks  
  15  0:42  Refinery  
  16  0:50  SCV  
  17  1:03  SCV  
  18  1:15  SCV  
  19  1:27  Orbital Command  
  19  1:28  Barracks Reactor  
  19  1:41  Command Center  
  19  1:54  SCV, Supply Depot  
  20  2:04  Marine x2  
  20  2:06  SCV  
  23  2:11  Factory  
  23  2:18  SCV  
  23  2:22  Marine x2  
  26  2:25  Refinery  
  26  2:30  SCV  
  27  2:42  SCV  
  28  2:54  SCV  
  28  2:55  Orbital Command  
  28  2:56  Starport  
  29  3:02  Hellion x2  
  29  3:04  Marine  
  34  3:09  SCV  
  35  3:20  SCV  
  35  3:21  SCV  
  35  3:24  Widow Mine x2  
  35  3:26  Barracks Tech Lab  
  41  3:29  Armory  
  42  3:35  Supply Depot  
  39  3:41  SCV  
  41  3:51  Marine  
  41  3:53  Marine, Siege Tank  
  41  3:54  Medivac  
  41  3:55  SCV  
  46  3:56  SCV  
  46  3:58  Supply Depot  
  47  4:07  SCV  
  47  4:09  Marine  
  49  4:10  Marine  
  49  4:12  SCV  
  49  4:15  Bunker  
  47  4:17  Supply Depot  
  47  4:19  SCV  
  48  4:24  SCV  
  48  4:25  Siege Tank  
  48  4:27  Marine  
  48  4:28  Marine  
  54  4:34  Liberator  
  54  4:35  SCV  
  54  4:36  SCV  
  59  4:44  Command Center  
  59  4:46  Marine  
  59  4:47  SCV  
  59  4:48  SCV  
  59  4:52  Supply Depot  
  62  4:57  Barracks  
  62  4:59  SCV  
  63  5:01  SCV, Barracks  
  63  5:07  Refinery  
  64  5:08  Refinery  
  64  5:09  Siege Tank  
  64  5:13  SCV  
  66  5:15  SCV  
  66  5:19  Starport Tech Lab  
  65  5:24  Engineering Bay  
  65  5:25  SCV  
  65  5:26  Engineering Bay  
  64  5:29  Marine x2  
  64  5:34  SCV  
  67  5:38  SCV, Supply Depot  
  68  5:46  SCV  
  68  5:49  Starport Reactor  
  69  5:50  SCV  
  69  5:52  Marine x2  
  69  5:53  Factory Reactor  
  69  5:55  Terran Infantry Weapons Level 1, Terran Infantry Armor Level 1  
  72  5:58  SCV, Orbital Command  
  72  5:59  Stimpack  
  72  6:00  Marauder  
  72  6:03  SCV  
  76  6:09  Combat Shield  
  76  6:10  Marauder  
  78  6:18  Barracks  
  78  6:20  Barracks  
  78  6:22  Marauder  
  80  6:26  SCV  
  80  6:27  Supply Depot  
  80  6:30  Widow Mine  
  80  6:31  Widow Mine  
  80  6:32  Medivac, Marauder  
  88  6:35  Medivac, Marine  
  88  6:37  SCV  
  92  6:41  Supply Depot  
  92  6:44  Marauder  
  92  6:45  SCV  
  95  6:49  Missile Turret  
  95  6:51  Widow Mine  
  95  6:52  Widow Mine  
  95  6:53  Marauder  
  101  6:55  SCV  
  102  7:06  SCV, Marauder  
  102  7:07  SCV  
  106  7:10  Medivac  
  106  7:11  Orbital Command  
  106  7:15  Marauder  
  112  7:18  SCV  
  112  7:20  Barracks Reactor, Barracks Tech Lab  
  113  7:25  SCV  
  113  7:26  Widow Mine  
  113  7:28  Medivac  
  116  7:30  SCV  
  116  7:34  Marauder, Widow Mine  
  116  7:36  Barracks Tech Lab  
  121  7:37  SCV  
  121  7:38  Concussive Shells  
  121  7:39  Supply Depot x2  
  121  7:41  SCV  
  121  7:42  SCV  
  124  7:44  Refinery  
  124  7:45  Refinery  
  124  7:46  Marauder, Marine  
  124  7:48  Sensor Tower  
  124  7:49  SCV  
  128  7:51  Marine  
  128  7:53  SCV  
  128  7:55  Widow Mine  
  132  8:03  SCV x2  
  132  8:05  Widow Mine  
  136  8:11  SCV  
  137  8:14  Marauder x2, Marine x2  
  137  8:15  SCV  
  137  8:17  Widow Mine  
  144  8:20  Ghost Academy  
  144  8:21  Marine  
  144  8:23  SCV  
  144  8:26  Widow Mine  
  149  8:28  SCV, Supply Depot  
  149  8:30  Marauder, Marine  
  149  8:32  Supply Depot, Missile Turret  
  149  8:34  Starport Reactor  
  149  8:49  Marauder, Widow Mine  
  149  8:50  Marauder, Marine  
  149  8:52  Armory  
  149  8:53  Marine x2  
  149  8:54  Marauder, Marine  
  154  9:00  Widow Mine  
  154  9:02  Enhanced Shockwaves  
  149  9:08  Marine  
  150  9:10  SCV x2  
  150  9:11  Ghost, Marauder, Marine  
  150  9:12  Medivac x2, Supply Depot  
  150  9:16  Ghost  
  152  9:19  Widow Mine  
  152  9:21  Widow Mine  
  153  9:24  Marine x2  
  155  9:31  Ghost  
  155  9:37  Marine  
  158  9:39  Ghost  
  162  9:46  Command Center  
  162  9:50  Terran Infantry Weapons Level 2  
  162  9:51  Missile Turret  
  162  9:55  Supply Depot x2, Marine  
  167  10:00  Marine x2  
  167  10:01  Terran Infantry Armor Level 2, Marauder  
  167  10:05  Terran Ship Weapons Level 1  
  165  10:09  Starport, Fusion Core  
  165  10:12  SCV  
  166  10:15  Widow Mine  
  164  10:25  Ghost  
  164  10:28  Liberator  
  169  10:31  Marauder, Marine x3  
  169  10:35  Supply Depot  
  176  10:37  Widow Mine  
  176  10:39  SCV x2  
  174  10:44  Marine  
  174  10:46  Liberator  
  164  10:50  Unknown, Missile Turret  
  164  10:51  Marine x2  
  164  10:54  Liberator  
  164  10:57  Advanced Ballistics  
  171  11:01  SCV  
  171  11:03  Marauder, Marine  
  173  11:09  Medivac, Command Center  
  173  11:10  Barracks x2  
  175  11:11  Marine  
  175  11:14  SCV  
  175  11:16  Planetary Fortress  
  175  11:17  Marine  
  175  11:18  Marauder  
  180  11:24  Widow Mine  
  178  11:27  Marine  
  178  11:28  Marauder  
  178  11:29  Marine  
  178  11:34  Marine, Sensor Tower  
  178  11:37  Liberator  
  178  11:38  Marine  
  178  11:39  Marauder  
  185  11:42  Ghost  
  185  11:45  Widow Mine  
  185  11:50  Liberator  
  185  11:51  Marine  
  185  11:52  Marauder  
  191  11:56  Marine  
  191  11:57  Liberator  
  195  12:02  Liberator  
  195  12:03  Barracks Tech Lab  
  195  12:07  Marine x2  
  195  12:08  Marauder  
  198  12:23  Ghost  
  200  12:31  Widow Mine  
  200  12:35  Barracks Tech Lab  
Show
View Real Time Build Order
Export as new Build Order

Nina Protoss 

Build Orders: 1 Gate Expand, Blink Stalkers 

Get SALT Encoding   

  12  0:01  Probe  
  13  0:13  Probe  
  14  0:17  Pylon  
  14  0:24  Probe  
  15  0:32  Probe  
  15  0:38  Gateway  
  15  0:40  Probe  
  16  0:49  Assimilator  
  17  0:51  Probe  
  18  1:03  Probe  
  19  1:15  Probe  
  20  1:25  Cybernetics Core  
  20  1:35  Nexus  
  20  1:42  Pylon  
  20  1:43  Probe  
  21  1:48  Assimilator  
  21  1:51  Adept  
  21  1:55  Probe  
  22  2:02  Warp Gate  
  22  2:07  Probe  
  25  2:12  Stalker  
  25  2:20  Probe  
  28  2:33  Probe  
  28  2:36  Twilight Council  
  29  2:45  Stalker  
  29  2:46  Probe  
  29  2:47  Probe  
  33  2:54  Blink  
  33  2:59  Probe x2  
  35  3:07  Gateway  
  35  3:11  Probe x2  
  37  3:23  Probe  
  37  3:24  Probe  
  39  3:29  Pylon  
  39  3:35  Probe x2  
  39  3:37  Gateway  
  41  3:43  Probe  
  41  3:45  Shield Battery  
  41  3:47  Probe  
  43  3:50  Robotics Facility  
  43  3:51  Probe  
  44  3:59  Probe  
  44  4:01  Stalker x2  
  44  4:02  Probe  
  45  4:11  Probe  
  45  4:15  Probe  
  45  4:23  Probe  
  46  4:24  Sentry  
  46  4:28  Probe  
  49  4:35  Probe, Pylon  
  49  4:37  Nexus  
  50  4:40  Observer  
  50  4:41  Probe  
  52  4:47  Probe, Assimilator  
  52  4:52  Pylon  
  53  4:53  Probe  
  53  4:55  Stalker  
  53  4:59  Stalker  
  59  5:00  Probe  
  59  5:05  Probe, Stalker  
  62  5:19  Probe  
  61  5:23  Stalker x2  
  61  5:25  Probe  
  66  5:31  Probe  
  67  5:37  Probe, Gateway x2  
  68  5:42  Gateway  
  68  5:45  Pylon  
  69  5:51  Charge  
  68  5:57  Stalker, Gateway  
  68  5:59  Stalker  
  72  6:07  Probe  
  72  6:08  Probe  
  72  6:09  Pylon  
  72  6:10  Probe  
  72  6:18  Stalker  
  72  6:19  Probe  
  72  6:20  Probe  
  72  6:25  Forge  
  76  6:32  Probe x2, Sentry  
  79  6:33  Sentry  
  79  6:35  Probe, Immortal  
  83  6:44  Probe  
  88  6:47  Probe  
  88  6:48  Gateway  
  88  6:49  Probe, Protoss Ground Armor Level 1, Observer  
  88  6:51  Zealot  
  88  6:53  Zealot  
  94  6:57  Pylon  
  94  7:00  Probe  
  96  7:01  Probe  
  96  7:02  Probe  
  96  7:06  Pylon  
  101  7:15  Immortal  
  101  7:16  Probe  
  101  7:19  Probe  
  101  7:20  Probe  
  101  7:22  Assimilator  
  104  7:25  Assimilator  
  104  7:29  Zealot x4  
  112  7:35  Pylon  
  112  7:36  Pylon  
  112  7:38  Probe, Robotics Bay  
  112  7:39  Probe  
  114  7:48  Probe  
  114  7:49  Zealot  
  117  7:55  Pylon  
  117  7:57  Pylon  
  117  7:58  Probe  
  118  8:00  Pylon  
  118  8:06  Warp Prism  
  118  8:07  Zealot x3  
  118  8:08  Zealot x3  
  124  8:19  Zealot x2  
  130  8:22  Templar Archives  
  130  8:30  Nexus  
  130  8:36  Pylon  
  130  8:39  Pylon  
  128  8:42  Zealot  
  128  8:46  Zealot x4  
  116  8:56  Zealot x3  
  106  9:06  Zealot x2  
  106  9:07  Zealot x4  
  106  9:09  Zealot x2  
  122  9:15  Probe  
  109  9:17  Probe  
  109  9:19  Probe  
  109  9:21  Pylon  
  109  9:24  Pylon, Observer  
  107  9:25  Forge  
  107  9:27  Probe  
  107  9:29  Psionic Storm, High Templar x4  
  118  9:31  Probe  
  118  9:32  Probe  
  118  9:33  Archon, Observer  
  118  9:34  Archon  
  118  9:35  Sentry  
  121  9:40  High Templar x2  
  121  9:42  Probe  
  121  9:43  Probe x2  
  121  9:44  Shield Battery  
  128  9:46  Pylon  
  128  9:48  Disruptor  
  131  9:55  Zealot  
  131  9:58  Zealot  
  135  10:01  Zealot x2  
  135  10:05  Zealot x2  
  143  10:12  Shield Battery  
  143  10:14  Stalker x2  
  147  10:20  Zealot x2  
  141  10:29  Disruptor  
  141  10:31  Zealot x3  
  145  10:39  Zealot x3  
  140  10:47  Probe x2  
  134  10:50  Stalker x2  
  134  10:54  Probe x2, Forge  
  134  10:56  Photon Cannon  
  140  11:01  High Templar x2  
  140  11:04  Probe  
  139  11:09  Zealot x2  
  139  11:10  Zealot  
  144  11:13  Stalker  
  144  11:15  Probe  
  147  11:21  Zealot  
  147  11:24  Probe  
  147  11:25  Disruptor  
  151  11:27  Probe  
  145  11:33  Zealot x3  
  145  11:35  Probe  
  152  11:41  Probe  
  152  11:46  High Templar x2  
  157  11:52  Archon  
  157  11:56  Zealot x5  
  157  11:58  Probe  
  157  11:59  Probe, Photon Cannon  
  167  12:04  Probe  
  167  12:05  Disruptor  
  171  12:13  Photon Cannon  
  171  12:16  Cybernetics Core  
  133  12:40  Zealot x7  
Tags
 
Add a new tag
Caveats
  • Supply blocks, unpowered buildings, or Contaminate may cause inaccurate times.
  • Supply counts are checked every 10 seconds.